 Dungeon Crawl Stone Soup version 0.28.0 (webtiles) character file.

Game seed: 10138317568815565793

37 Aksej the Skirmisher (level 3, -2/29 HPs)
             Began as a Demonspawn Monk on Feb 15, 2022.
             Slain by Terence (8 damage)
             ... on level 2 of the Dungeon.
             The game lasted 00:04:52 (1436 turns).

Aksej the Skirmisher (Demonspawn Monk)              Turns: 1436, Time: 00:04:53

Health: -2/29      AC:  2    Str: 11    XL:     3   Next: 23%
Magic:  3/3        EV: 13    Int: 13    God:
Gold:   28         SH:  0    Dex: 17    Spells: 2/2 levels left

rFire   . . .      SeeInvis .   a - +1 falchion
rCold   . . .      Faith    .   (no shield)
rNeg    . . .      Spirit   .   b - +0 robe
rPois   .          Reflect  .   (no helmet)
rElec   .          Harm     .   (no cloak)
rCorr   .          Rampage  .   (no gloves)
Will    +....                   (no boots)
Stlth   ++........              (no amulet)
HPRegen 0.09/turn               e - ring of willpower
MPRegen 0.08/turn               (no ring)

@: no status effects
A: powered by death 1, big brain 1
a: no special abilities


You were on level 2 of the Dungeon.
You visited 1 branch of the dungeon, and saw 2 of its levels.

You collected 28 gold pieces.

Inventory:

Hand Weapons
 a - a +1 falchion (weapon)
Armour
 b - a +0 robe (worn)
Jewellery
 e - a ring of willpower (left hand)
Scrolls
 f - 3 scrolls of teleportation
Potions
 d - a potion of lignification
 h - a potion of flight {unknown}
 j - a potion of ambrosia {unknown}
 k - 2 potions of curing {unknown}


   Skills:
 * Level 3.3 Fighting
 + Level 3.2 Long Blades
 + Level 3.1 Dodging
 + Level 2.0 Stealth


You had 2 spell levels left.
You didn't know any spells.
Your spell library was empty.

Dungeon Overview and Level Annotations

Branches:
Dungeon (2/15)

Altars:
Kikubaaqudgha

Annotations:
D:2 Terence


Innate Abilities, Weirdness & Mutations

You regenerate a little health from kills.
You have an unusually large brain. (Int +2)


Message History

You hit Terence.
Terence is heavily wounded.
Terence barely misses you. The giant cockroach barely misses you.
You hit Terence.
Terence is severely wounded.
Terence hits you with a +0 flail! The giant cockroach closely misses you.
You closely miss the giant cockroach. Terence barely misses you.
The giant cockroach misses you. Terence closely misses you.
The giant cockroach barely misses you.
You hit the giant cockroach.
The giant cockroach is lightly wounded.
The giant cockroach misses you. Terence closely misses you.
You barely miss the giant cockroach.
The giant cockroach is lightly wounded.
The giant cockroach barely misses you. Terence hits you with a +0 flail!
You hit the giant cockroach. Your punch misses the giant cockroach.
The giant cockroach is almost dead.
The giant cockroach barely misses you. Terence barely misses you.
The giant cockroach bites you.
You closely miss the giant cockroach.
The giant cockroach is almost dead.
Terence hits you but does no damage. The giant cockroach closely misses you.
You hit the giant cockroach.
You kill the giant cockroach!
Terence barely misses you.
You hit Terence.
Terence is severely wounded.
Terence hits you with a +0 flail.
* * * LOW HITPOINT WARNING * * *
You hit Terence but do no damage.
Terence is severely wounded.
Terence hits you with a +0 flail.
* * * LOW HITPOINT WARNING * * *
You hit Terence but do no damage.
Terence is severely wounded.
Terence barely misses you. Terence closely misses you.
You barely miss Terence.
Terence is severely wounded.
Terence hits you with a +0 flail!
You die...

.####.#.##
#........ #...#
#..#####.
##..## #..#
#...######
###...##
#...#..#
#......#######
#####....†...##
#...@@....#
########..# ...
#


You could see Terence.

Vanquished Creatures
  A worm (D:2)
  3 endoplasms
  A giant cockroach (D:2)
  3 goblins (D:1)
  3 hobgoblins
  A quokka (D:1)
  8 ball pythons (D:1)
  A bat (D:1)
  8 kobolds
  2 rats (D:1)
31 creatures vanquished.

Notes
Turn   | Place    | Note
-------+----------+-------------------------------------------
     0 | D:1      | Aksej the Demonspawn Monk began the quest for the Orb.
     0 | D:1      | Reached XP level 1. HP: 18/18 MP: 1/1
   171 | D:1      | Found a faded altar of an unknown god.
   327 | D:1      | Gained mutation: You have an unusually large brain. (Int
                  | +2) [demonic ancestry]
   327 | D:1      | Reached XP level 2. HP: 24/24 MP: 2/2
  1334 | D:1      | Gained mutation: You regenerate a little health from kills.
                  | [demonic ancestry]
  1334 | D:1      | Reached XP level 3. HP: 29/29 MP: 3/3
  1396 | D:2      | Found an ancient bone altar of Kikubaaqudgha.
  1417 | D:2      | Noticed Terence
  1436 | D:2      | Slain by Terence

Illustrated notes

Levels and vault maps discovered:
D:1:      lightli_arrival_isolated_outpost, layout_loops_ring,
          hellmonk_ecumenical_altar_run_dry
D:2:      layout_rooms, basic_altar, uniq_terence

Skill      XL: |  1  2  3 |
---------------+----------+-----
Dodging        | 3 |  3.1
Long Blades    | 3 |  3.2
Stealth        | 2 |  2.0
Fighting       | |  3.3

Action                   || total
-------------------------++-------
Melee: Falchion          ||   105
       Punch             ||     2
  Use: Scroll            ||     4
 Stab: Sleeping          ||     6
Armor: Robe              ||    15
Dodge: Dodged            ||    85
